[ AOE2 MATCH · #470296845 ]
UnrankedVietnamese vs Vietnamese
[ REPLAY ANALYSIS · EXTRACTED FROM THE RECORDED GAME ]
Feudal
12:41
Castle
22:01
Imperial
35:00
| APM avg | 46.5 |
| APM peak | 94 |
| eAPM avg | 25.5 |
| Villagers / military | 185 / 82 |
Focus
⚔️ 27.2% · 🌾 72.8%
Rattan Archer ×39 · Galley ×23 · Mangonel ×13 · Fishing Ship ×10 · Trebuchet (Packed) ×5 · Bombard Cannon ×2
Feudal
13:27
Castle
20:13
Imperial
36:11
| APM avg | 34.0 |
| APM peak | 94 |
| eAPM avg | 20.7 |
| Villagers / military | 166 / 184 |
Focus
⚔️ 19.8% · 🌾 80.2%
Fire Lancer ×175 · Trebuchet (Packed) ×8 · Fishing Ship ×7 · Unknown (2626) ×4 · Militia ×1
Feudal
12:28
Castle
22:54
Imperial
31:12
| APM avg | 53.6 |
| APM peak | 94 |
| eAPM avg | 27.9 |
| Villagers / military | 144 / 148 |
Focus
⚔️ 34.2% · 🌾 65.8%
Knight ×75 · Skirmisher ×54 · Fishing Ship ×26 · Fire Galley ×9 · Galley ×5 · Trebuchet (Packed) ×3
Feudal
13:41
Castle
23:40
Imperial
48:25
| APM avg | 28.0 |
| APM peak | 57 |
| eAPM avg | 17.3 |
| Villagers / military | 128 / 130 |
Focus
⚔️ 34.9% · 🌾 65.1%
Spearman ×77 · Fishing Ship ×48 · Fire Galley ×30 · Demolition Raft ×23 · Trade Cart ×3
Feudal
13:58
Castle
18:34
Imperial
41:56
| APM avg | 30.2 |
| APM peak | 71 |
| eAPM avg | 16.6 |
| Villagers / military | 151 / 96 |
Focus
⚔️ 25.7% · 🌾 74.3%
Knight ×94 · Fishing Ship ×10 · Trebuchet (Packed) ×2
Feudal
15:28
Castle
19:29
Imperial
35:37
| APM avg | 50.9 |
| APM peak | 103 |
| eAPM avg | 14.1 |
| Villagers / military | 76 / 148 |
Focus
⚔️ 21.6% · 🌾 78.4%
Ratha (Ranged) ×148 · Fishing Ship ×8
Match map
Initial resources + every placement click. Lines = walls · curves = elevation contours. ◆ gold · ⬟ stone · ● berries · ✦ relic · ◌ wall gap
Your base· Open — 1t gap
El Caminante's base· Open — 6t gap
[LPDA] Heraldo's base· Open — 7t gap
Rommel's base· Open — 10t gap
[LPDA]ZEVET's base· Open — 4t gap
DSLG | Matthii™'s base· Open — unwalled flank
Smoothed initial terrain · ◌ = detected wall gap · hover for details
Inputs per minute
— [LPDA] ElTatita - - El Caminante
Build order — [LPDA] ElTatita
First 150 of 442 actions detected
| 0:18 | Build | Town Center |
| 0:22 | Build | House |
| 1:10 | Build | Dock |
| 2:33 | Create | Villager (Male) |
| 2:34 | Create | Villager (Male) |
| 2:34 | Create | Villager (Male) |
| 2:34 | Create | Villager (Male) |
| 3:46 | Create | Fishing Ship |
| 3:47 | Create | Villager (Male) |
| 3:47 | Create | Villager (Male) |
| 4:21 | Research | Loom |
| 4:47 | Build | House |
| 5:06 | Create | Villager (Male) |
| 5:06 | Create | Villager (Male) |
| 5:07 | Create | Villager (Male) |
| 5:07 | Create | Villager (Male) |
| 5:41 | Create | Villager (Male) |
| 6:13 | Create | Villager (Male) |
| 6:13 | Create | Villager (Male) |
| 6:18 | Create | Villager (Male) |
| 6:18 | Create | Villager (Male) |
| 6:19 | Create | Villager (Male) |
| 6:21 | Create | Fishing Ship |
| 6:30 | Build | House |
| 6:31 | Create | Villager (Male) |
| 6:31 | Create | Villager (Male) |
| 7:09 | Create | Villager (Male) |
| 7:10 | Create | Villager (Male) |
| 7:27 | Create | Villager (Male) |
| 7:27 | Create | Villager (Male) |
| 7:51 | Create | Villager (Male) |
| 7:51 | Create | Villager (Male) |
| 8:16 | Create | Fishing Ship |
| 8:20 | Create | Fishing Ship |
| 8:26 | Build | Mill |
| 8:58 | Build | House |
| 9:12 | Create | Villager (Male) |
| 9:29 | Create | Villager (Male) |
| 9:35 | Create | Fishing Ship |
| 9:44 | Create | Villager (Male) |
| 9:49 | Build | House |
| 10:32 | Research | Feudal Age |
| 10:45 | Build | Dock |
| 10:53 | Create | Villager (Male) |
| 11:37 | Build | Mining Camp |
| 12:13 | Create | Villager (Male) |
| 12:41 | Age | Feudal Age |
| 12:43 | Create | Galley |
| 12:43 | Create | Galley |
| 12:43 | Create | Galley |
| 12:47 | Create | Villager (Male) |
| 12:53 | Build | House |
| 13:20 | Create | Villager (Male) |
| 13:23 | Create | Galley |
| 13:32 | Build | House |
| 14:07 | Create | Villager (Male) |
| 14:10 | Create | Villager (Male) |
| 14:24 | Create | Villager (Male) |
| 14:53 | Create | Galley |
| 15:04 | Build | Blacksmith |
| 15:23 | Create | Villager (Male) |
| 15:26 | Create | Galley |
| 15:26 | Create | Galley |
| 15:46 | Create | Villager (Male) |
| 15:51 | Research | Fletching |
| 16:06 | Build | Market |
| 16:08 | Create | Villager (Male) |
| 16:23 | Create | Galley |
| 16:36 | Build | House |
| 16:40 | Build | House |
| 17:01 | Create | Villager (Male) |
| 17:05 | Build | House |
| 17:09 | Build | House |
| 17:10 | Build | House |
| 17:21 | Create | Villager (Male) |
| 17:43 | Create | Galley |
| 17:43 | Create | Galley |
| 18:10 | Create | Villager (Male) |
| 18:15 | Create | Villager (Male) |
| 18:17 | Build | Farm |
| 18:18 | Build | Farm |
| 18:20 | Build | Farm |
| 18:21 | Build | Farm |
| 18:41 | Create | Galley |
| 18:42 | Create | Galley |
| 18:57 | Build | Farm |
| 19:13 | Build | Lumber Camp |
| 19:21 | Research | Castle Age |
| 19:21 | Research | Castle Age |
| 19:21 | Research | Castle Age |
| 19:52 | Create | Galley |
| 19:53 | Create | Galley |
| 20:18 | Create | Villager (Male) |
| 20:21 | Research | Double-Bit Axe |
| 20:50 | Build | Mining Camp |
| 20:58 | Create | Galley |
| 21:00 | Create | Villager (Male) |
| 21:08 | Research | Gold Mining |
| 21:12 | Build | Lumber Camp |
| 21:16 | Create | Galley |
| 22:01 | Age | Castle Age |
| 22:09 | Research | Bodkin Arrow |
| 22:32 | Create | Villager (Male) |
| 22:37 | Build | Barracks |
| 22:41 | Create | Villager (Male) |
| 22:43 | Create | Fishing Ship |
| 22:44 | Create | Fishing Ship |
| 22:44 | Create | Fishing Ship |
| 22:44 | Create | Fishing Ship |
| 23:02 | Create | Villager (Male) |
| 24:00 | Research | Bow Saw |
| 24:09 | Build | Town Center |
| 24:14 | Create | Villager (Male) |
| 24:15 | Create | Villager (Male) |
| 24:31 | Create | Villager (Male) |
| 24:44 | Create | Villager (Male) |
| 25:26 | Build | Siege Workshop |
| 25:33 | Research | Tech 906 |
| 25:35 | Create | Fishing Ship |
| 25:44 | Build | Dock |
| 25:53 | Create | Villager (Male) |
| 26:09 | Build | Castle |
| 26:22 | Create | Mangonel |
| 26:25 | Create | Mangonel |
| 26:26 | Create | Villager (Male) |
| 26:27 | Create | Villager (Male) |
| 26:27 | Create | Villager (Male) |
| 26:28 | Create | Villager (Male) |
| 26:30 | Research | Wheelbarrow |
| 26:50 | Create | Villager (Male) |
| 26:50 | Create | Villager (Male) |
| 26:50 | Create | Villager (Male) |
| 27:15 | Build | Town Center |
| 27:35 | Build | Watch Tower |
| 27:40 | Create | Villager (Male) |
| 27:41 | Create | Villager (Male) |
| 27:41 | Create | Villager (Male) |
| 27:51 | Research | Padded Archer Armor |
| 27:55 | Create | Villager (Male) |
| 27:55 | Create | Villager (Male) |
| 28:19 | Create | Villager (Male) |
| 28:19 | Create | Villager (Male) |
| 28:25 | Build | Farm |
| 28:29 | Create | Villager (Male) |
| 28:29 | Create | Villager (Male) |
| 28:29 | Create | Villager (Male) |
| 28:35 | Research | Hand Cart |
| 28:40 | Research | Horse Collar |
| 28:45 | Build | Farm |
| 28:46 | Build | Farm |
Build order — El Caminante
First 150 of 364 actions detected
| 0:16 | Build | Town Center |
| 1:05 | Build | Dock |
| 2:34 | Create | Villager (Male) |
| 2:34 | Create | Villager (Male) |
| 2:34 | Create | Villager (Male) |
| 2:34 | Create | Villager (Male) |
| 2:40 | Research | Loom |
| 2:41 | Create | Villager (Male) |
| 2:41 | Create | Villager (Male) |
| 2:41 | Create | Villager (Male) |
| 2:45 | Build | House |
| 4:30 | Build | House |
| 4:34 | Create | Villager (Male) |
| 4:42 | Create | Fishing Ship |
| 4:42 | Create | Fishing Ship |
| 5:19 | Create | Fishing Ship |
| 6:06 | Create | Villager (Male) |
| 6:26 | Create | Fishing Ship |
| 6:33 | Create | Villager (Male) |
| 6:48 | Build | House |
| 7:03 | Create | Villager (Male) |
| 7:03 | Create | Villager (Male) |
| 7:20 | Create | Villager (Male) |
| 7:20 | Create | Villager (Male) |
| 8:10 | Create | Villager (Male) |
| 8:10 | Create | Villager (Male) |
| 8:10 | Create | Villager (Male) |
| 8:13 | Create | Villager (Male) |
| 8:13 | Create | Villager (Male) |
| 8:34 | Build | House |
| 8:38 | Create | Villager (Male) |
| 9:31 | Create | Villager (Male) |
| 9:31 | Create | Villager (Male) |
| 9:38 | Build | House |
| 9:50 | Create | Fishing Ship |
| 10:21 | Create | Villager (Male) |
| 10:40 | Build | Lumber Camp |
| 10:43 | Create | Villager (Male) |
| 11:13 | Build | Mining Camp |
| 11:17 | Research | Feudal Age |
| 12:28 | Create | Villager (Male) |
| 12:56 | Create | Fishing Ship |
| 12:57 | Create | Fishing Ship |
| 13:16 | Build | Mill |
| 13:22 | Create | Villager (Male) |
| 13:27 | Age | Feudal Age |
| 13:35 | Create | Unit 2626 |
| 13:40 | Create | Unit 2626 |
| 13:40 | Create | Unit 2626 |
| 13:59 | Build | Market |
| 14:04 | Build | House |
| 14:06 | Create | Villager (Male) |
| 14:33 | Create | Unit 2626 |
| 14:38 | Create | Villager (Male) |
| 14:49 | Create | Villager (Male) |
| 14:56 | Create | Villager (Male) |
| 15:27 | Create | Villager (Male) |
| 15:37 | Build | Blacksmith |
| 15:43 | Build | House |
| 15:43 | Build | House |
| 15:44 | Build | House |
| 16:09 | Create | Villager (Male) |
| 16:16 | Build | Barracks |
| 16:32 | Build | Mining Camp |
| 17:22 | Build | Dock |
| 17:33 | Research | Castle Age |
| 17:33 | Research | Castle Age |
| 17:54 | Build | Mill |
| 18:40 | Build | Barracks |
| 18:56 | Research | Scale Mail Armor |
| 19:02 | Build | Farm |
| 19:04 | Build | Farm |
| 19:07 | Build | Farm |
| 19:12 | Build | Farm |
| 20:02 | Create | Villager (Male) |
| 20:13 | Age | Castle Age |
| 20:13 | Create | Fire Lancer |
| 20:14 | Create | Fire Lancer |
| 20:14 | Create | Fire Lancer |
| 20:16 | Create | Villager (Male) |
| 20:27 | Build | Farm |
| 20:35 | Build | Farm |
| 20:40 | Create | Villager (Male) |
| 20:55 | Create | Villager (Male) |
| 21:00 | Build | Farm |
| 21:06 | Create | Fire Lancer |
| 21:12 | Research | Horse Collar |
| 21:20 | Create | Villager (Male) |
| 21:28 | Create | Fire Lancer |
| 21:28 | Create | Fire Lancer |
| 21:29 | Create | Fire Lancer |
| 21:49 | Research | Double-Bit Axe |
| 22:06 | Build | Farm |
| 22:07 | Create | Villager (Male) |
| 22:25 | Create | Villager (Male) |
| 22:26 | Create | Villager (Male) |
| 22:31 | Create | Villager (Male) |
| 22:31 | Create | Villager (Male) |
| 22:41 | Create | Villager (Male) |
| 22:41 | Create | Villager (Male) |
| 23:03 | Create | Villager (Male) |
| 23:03 | Create | Villager (Male) |
| 23:12 | Build | Town Center |
| 23:22 | Create | Fire Lancer |
| 23:24 | Create | Villager (Male) |
| 23:29 | Create | Villager (Male) |
| 23:30 | Create | Villager (Male) |
| 23:41 | Research | Heavy Plow |
| 24:00 | Create | Villager (Male) |
| 24:00 | Create | Villager (Male) |
| 24:19 | Create | Villager (Male) |
| 24:40 | Build | Castle |
| 24:42 | Create | Villager (Male) |
| 25:01 | Build | Town Center |
| 25:03 | Create | Villager (Male) |
| 25:03 | Create | Villager (Male) |
| 25:18 | Research | Bow Saw |
| 25:35 | Create | Fire Lancer |
| 25:36 | Create | Fire Lancer |
| 25:37 | Create | Villager (Male) |
| 25:46 | Create | Villager (Male) |
| 26:00 | Create | Villager (Male) |
| 26:07 | Build | Farm |
| 26:07 | Build | Farm |
| 26:07 | Build | Farm |
| 26:08 | Build | Farm |
| 26:12 | Create | Villager (Male) |
| 26:13 | Create | Villager (Male) |
| 26:48 | Build | Farm |
| 26:49 | Create | Villager (Male) |
| 26:58 | Create | Villager (Male) |
| 26:58 | Create | Villager (Male) |
| 27:01 | Create | Fire Lancer |
| 27:01 | Create | Fire Lancer |
| 27:19 | Create | Villager (Male) |
| 27:19 | Create | Villager (Male) |
| 27:36 | Create | Villager (Male) |
| 27:36 | Create | Villager (Male) |
| 27:52 | Create | Villager (Male) |
| 27:57 | Build | Farm |
| 27:57 | Build | Farm |
| 27:57 | Build | Farm |
| 27:58 | Build | Farm |
| 27:58 | Build | Farm |
| 27:58 | Build | Farm |
| 27:58 | Build | Farm |
| 27:58 | Build | Farm |
| 27:58 | Build | Farm |
| 27:59 | Build | Farm |
| 27:59 | Build | Farm |
Build order — [LPDA] Heraldo
First 150 of 522 actions detected
| 0:04 | Build | Town Center |
| 0:58 | Build | House |
| 1:00 | Build | Dock |
| 2:22 | Create | Villager (Male) |
| 2:22 | Create | Villager (Male) |
| 2:22 | Create | Villager (Male) |
| 2:22 | Create | Villager (Male) |
| 2:29 | Create | Villager (Male) |
| 2:29 | Create | Villager (Male) |
| 3:50 | Create | Fishing Ship |
| 4:00 | Build | House |
| 4:01 | Create | Villager (Male) |
| 4:56 | Create | Fishing Ship |
| 5:02 | Build | House |
| 5:18 | Research | Loom |
| 5:29 | Create | Fishing Ship |
| 5:41 | Create | Villager (Male) |
| 5:41 | Create | Villager (Male) |
| 5:41 | Create | Villager (Male) |
| 5:53 | Create | Villager (Male) |
| 5:53 | Create | Villager (Male) |
| 6:28 | Create | Villager (Male) |
| 6:28 | Create | Villager (Male) |
| 6:28 | Create | Villager (Male) |
| 6:53 | Create | Villager (Male) |
| 6:57 | Create | Villager (Male) |
| 6:57 | Create | Villager (Male) |
| 7:05 | Create | Villager (Male) |
| 7:05 | Create | Villager (Male) |
| 7:05 | Create | Villager (Male) |
| 7:10 | Create | Villager (Male) |
| 7:17 | Build | House |
| 7:30 | Create | Villager (Male) |
| 7:49 | Create | Villager (Male) |
| 7:49 | Create | Villager (Male) |
| 7:58 | Build | House |
| 8:08 | Create | Villager (Male) |
| 8:08 | Create | Villager (Male) |
| 8:09 | Create | Fishing Ship |
| 8:37 | Build | Mining Camp |
| 8:39 | Create | Villager (Male) |
| 9:21 | Create | Fishing Ship |
| 9:26 | Create | Villager (Male) |
| 9:26 | Create | Villager (Male) |
| 9:50 | Create | Villager (Male) |
| 9:50 | Create | Villager (Male) |
| 10:04 | Research | Feudal Age |
| 10:05 | Research | Feudal Age |
| 11:12 | Build | Dock |
| 11:43 | Create | Villager (Male) |
| 12:00 | Build | House |
| 12:24 | Build | Lumber Camp |
| 12:28 | Age | Feudal Age |
| 12:30 | Create | Fire Galley |
| 12:31 | Create | Fire Galley |
| 12:43 | Build | Blacksmith |
| 12:54 | Create | Villager (Male) |
| 13:05 | Research | Double-Bit Axe |
| 13:19 | Create | Villager (Male) |
| 13:22 | Create | Fire Galley |
| 13:24 | Create | Villager (Male) |
| 13:41 | Create | Fire Galley |
| 14:08 | Create | Villager (Male) |
| 14:08 | Create | Villager (Male) |
| 14:31 | Create | Fire Galley |
| 14:31 | Create | Fire Galley |
| 14:34 | Build | House |
| 14:37 | Build | House |
| 14:39 | Research | Town Watch |
| 14:51 | Create | Fire Galley |
| 14:59 | Build | House |
| 15:01 | Create | Villager (Male) |
| 15:05 | Create | Fire Galley |
| 15:26 | Create | Fire Galley |
| 15:30 | Create | Galley |
| 15:30 | Create | Galley |
| 15:30 | Create | Galley |
| 15:33 | Create | Galley |
| 15:36 | Research | Fletching |
| 15:37 | Create | Villager (Male) |
| 15:38 | Create | Villager (Male) |
| 15:57 | Build | Dock |
| 16:06 | Create | Galley |
| 16:11 | Create | Villager (Male) |
| 16:16 | Create | Villager (Male) |
| 16:16 | Create | Villager (Male) |
| 16:58 | Build | House |
| 17:42 | Create | Villager (Male) |
| 18:00 | Create | Villager (Male) |
| 18:06 | Build | Mill |
| 18:12 | Build | Mining Camp |
| 18:17 | Build | Lumber Camp |
| 18:20 | Research | Tech 906 |
| 18:20 | Research | Tech 906 |
| 18:21 | Create | Fishing Ship |
| 18:21 | Create | Fishing Ship |
| 18:21 | Create | Fishing Ship |
| 18:43 | Create | Villager (Male) |
| 18:43 | Create | Villager (Male) |
| 18:43 | Create | Villager (Male) |
| 18:57 | Build | Market |
| 19:36 | Build | House |
| 20:14 | Research | Castle Age |
| 20:49 | Create | Fishing Ship |
| 20:49 | Create | Fishing Ship |
| 20:49 | Create | Fishing Ship |
| 20:50 | Create | Fishing Ship |
| 20:55 | Build | Dock |
| 21:14 | Create | Fishing Ship |
| 21:15 | Create | Fishing Ship |
| 21:18 | Build | House |
| 21:34 | Build | House |
| 22:06 | Create | Villager (Male) |
| 22:10 | Build | House |
| 22:54 | Age | Castle Age |
| 23:00 | Build | Town Center |
| 23:11 | Build | Town Center |
| 23:16 | Build | Monastery |
| 23:39 | Create | Villager (Male) |
| 23:39 | Create | Villager (Male) |
| 23:39 | Create | Villager (Male) |
| 24:11 | Research | Bow Saw |
| 24:15 | Build | Lumber Camp |
| 24:16 | Create | Villager (Male) |
| 24:17 | Create | Villager (Male) |
| 24:17 | Create | Villager (Male) |
| 24:19 | Build | Mining Camp |
| 24:33 | Create | Monk |
| 24:48 | Create | Villager (Male) |
| 24:49 | Create | Villager (Male) |
| 24:49 | Create | Villager (Male) |
| 24:56 | Create | Villager (Male) |
| 24:57 | Create | Villager (Male) |
| 24:57 | Create | Villager (Male) |
| 25:03 | Create | Villager (Male) |
| 25:11 | Create | Monk |
| 25:18 | Research | Bodkin Arrow |
| 25:18 | Research | Bodkin Arrow |
| 25:32 | Create | Fishing Ship |
| 25:32 | Create | Fishing Ship |
| 25:33 | Create | Fishing Ship |
| 25:37 | Research | Gillnets |
| 25:37 | Create | Fishing Ship |
| 25:44 | Build | Dock |
| 25:46 | Create | Villager (Male) |
| 25:46 | Create | Villager (Male) |
| 25:52 | Research | Wheelbarrow |
| 25:52 | Research | Wheelbarrow |
| 25:56 | Research | Horse Collar |
| 25:58 | Build | Farm |
Build order — Rommel
First 150 of 405 actions detected
| 0:34 | Build | Town Center |
| 1:14 | Build | Dock |
| 1:15 | Build | House |
| 2:56 | Create | Villager (Male) |
| 2:56 | Create | Villager (Male) |
| 2:56 | Create | Villager (Male) |
| 2:57 | Create | Villager (Male) |
| 2:57 | Create | Villager (Male) |
| 2:57 | Create | Villager (Male) |
| 3:55 | Build | House |
| 4:30 | Create | Fishing Ship |
| 5:11 | Create | Villager (Male) |
| 5:17 | Create | Fishing Ship |
| 6:04 | Create | Fishing Ship |
| 6:14 | Research | Loom |
| 6:18 | Create | Villager (Male) |
| 6:19 | Create | Villager (Male) |
| 6:22 | Create | Fishing Ship |
| 6:33 | Build | House |
| 6:41 | Build | House |
| 6:53 | Create | Villager (Male) |
| 6:54 | Create | Villager (Male) |
| 6:58 | Build | House |
| 7:13 | Create | Villager (Male) |
| 7:13 | Create | Villager (Male) |
| 7:22 | Create | Fishing Ship |
| 7:43 | Create | Villager (Male) |
| 7:59 | Create | Fishing Ship |
| 8:01 | Create | Villager (Male) |
| 8:18 | Create | Villager (Male) |
| 8:51 | Create | Villager (Male) |
| 8:52 | Create | Villager (Male) |
| 8:52 | Create | Villager (Male) |
| 8:57 | Create | Fishing Ship |
| 9:26 | Create | Fishing Ship |
| 9:46 | Build | House |
| 9:52 | Create | Villager (Male) |
| 10:27 | Build | Mill |
| 10:39 | Create | Villager (Male) |
| 11:06 | Create | Villager (Male) |
| 11:18 | Research | Feudal Age |
| 11:39 | Build | Mining Camp |
| 12:06 | Build | Dock |
| 12:39 | Build | Lumber Camp |
| 12:50 | Research | Loom |
| 13:09 | Build | House |
| 13:11 | Build | House |
| 13:21 | Create | Fishing Ship |
| 13:36 | Create | Fishing Ship |
| 13:41 | Age | Feudal Age |
| 13:55 | Create | Villager (Male) |
| 14:21 | Create | Villager (Male) |
| 14:28 | Create | Villager (Male) |
| 14:38 | Create | Villager (Male) |
| 15:20 | Build | Blacksmith |
| 15:25 | Create | Villager (Male) |
| 15:30 | Build | Market |
| 15:47 | Create | Fire Galley |
| 15:47 | Create | Fire Galley |
| 15:51 | Create | Villager (Male) |
| 16:11 | Build | House |
| 16:16 | Build | Palisade Wall |
| 16:18 | Create | Villager (Male) |
| 16:27 | Research | Double-Bit Axe |
| 16:44 | Research | Fletching |
| 16:58 | Create | Fire Galley |
| 17:09 | Create | Villager (Male) |
| 17:10 | Create | Villager (Male) |
| 17:17 | Create | Villager (Male) |
| 17:21 | Build | Mill |
| 17:39 | Create | Fire Galley |
| 17:39 | Create | Fire Galley |
| 17:52 | Create | Villager (Male) |
| 18:10 | Create | Fire Galley |
| 18:15 | Create | Villager (Male) |
| 18:42 | Create | Villager (Male) |
| 18:52 | Create | Villager (Male) |
| 18:56 | Create | Demolition Raft |
| 18:56 | Create | Demolition Raft |
| 19:02 | Build | House |
| 19:03 | Build | House |
| 19:03 | Build | House |
| 19:27 | Research | Wheelbarrow |
| 20:00 | Create | Fishing Ship |
| 20:00 | Create | Fishing Ship |
| 20:00 | Create | Fishing Ship |
| 20:24 | Create | Fishing Ship |
| 20:24 | Create | Fishing Ship |
| 20:43 | Build | Dock |
| 21:00 | Research | Castle Age |
| 21:20 | Build | Barracks |
| 21:35 | Create | Fire Galley |
| 22:17 | Create | Fire Galley |
| 22:17 | Create | Fire Galley |
| 22:17 | Create | Fire Galley |
| 22:17 | Create | Fire Galley |
| 22:53 | Create | Demolition Raft |
| 22:55 | Create | Demolition Raft |
| 22:55 | Create | Demolition Raft |
| 22:55 | Create | Demolition Raft |
| 22:56 | Create | Demolition Raft |
| 22:56 | Create | Demolition Raft |
| 22:56 | Create | Demolition Raft |
| 23:40 | Create | Demolition Raft |
| 23:40 | Create | Demolition Raft |
| 23:40 | Age | Castle Age |
| 24:04 | Research | Tech 905 |
| 24:04 | Research | Tech 905 |
| 24:05 | Research | War Galley (upgrade) |
| 24:06 | Research | War Galley (upgrade) |
| 24:15 | Build | Dock |
| 24:37 | Create | Demolition Raft |
| 24:37 | Create | Demolition Raft |
| 24:45 | Build | Dock |
| 24:46 | Research | Bow Saw |
| 24:49 | Research | Gold Mining |
| 24:50 | Create | Villager (Male) |
| 24:50 | Create | Villager (Male) |
| 24:55 | Create | Villager (Male) |
| 24:55 | Create | Villager (Male) |
| 25:03 | Create | Villager (Male) |
| 25:06 | Build | Town Center |
| 25:15 | Research | Town Watch |
| 25:45 | Create | Villager (Male) |
| 25:59 | Create | Demolition Raft |
| 25:59 | Create | Demolition Raft |
| 26:00 | Create | Demolition Raft |
| 26:04 | Create | Villager (Male) |
| 26:04 | Create | Villager (Male) |
| 26:07 | Create | Villager (Male) |
| 26:07 | Create | Villager (Male) |
| 26:12 | Build | University |
| 26:20 | Create | Trade Cart |
| 26:20 | Create | Trade Cart |
| 26:24 | Create | Trade Cart |
| 26:59 | Create | Demolition Raft |
| 27:18 | Create | Demolition Raft |
| 27:18 | Create | Demolition Raft |
| 27:33 | Build | Archery Range |
| 28:00 | Build | Dock |
| 28:29 | Create | Fire Galley |
| 28:29 | Create | Fire Galley |
| 28:30 | Create | Fire Galley |
| 28:30 | Create | Fire Galley |
| 28:30 | Create | Fire Galley |
| 28:48 | Create | Villager (Male) |
| 28:48 | Create | Villager (Male) |
| 28:54 | Create | Demolition Raft |
| 28:54 | Create | Demolition Raft |
| 29:03 | Create | Fishing Ship |
Build order — [LPDA]ZEVET
First 150 of 408 actions detected
| 0:24 | Build | Town Center |
| 0:43 | Build | House |
| 2:19 | Build | Dock |
| 2:32 | Build | Palisade Wall |
| 2:34 | Build | Palisade Wall |
| 2:35 | Build | Palisade Wall |
| 2:50 | Create | Villager (Male) |
| 2:50 | Create | Villager (Male) |
| 2:50 | Create | Villager (Male) |
| 2:50 | Create | Villager (Male) |
| 2:50 | Create | Villager (Male) |
| 3:12 | Build | Palisade Wall |
| 3:14 | Build | Palisade Wall |
| 3:16 | Build | Palisade Wall |
| 3:19 | Build | Palisade Wall |
| 3:23 | Build | Palisade Wall |
| 3:24 | Build | Palisade Wall |
| 4:53 | Create | Villager (Male) |
| 4:53 | Create | Villager (Male) |
| 4:53 | Create | Villager (Male) |
| 4:53 | Create | Villager (Male) |
| 4:53 | Create | Villager (Male) |
| 4:53 | Create | Villager (Male) |
| 5:20 | Create | Fishing Ship |
| 5:32 | Create | Fishing Ship |
| 5:49 | Create | Villager (Male) |
| 5:49 | Create | Villager (Male) |
| 5:49 | Create | Villager (Male) |
| 5:49 | Create | Villager (Male) |
| 5:49 | Create | Villager (Male) |
| 5:54 | Build | House |
| 6:16 | Build | House |
| 6:34 | Create | Villager (Male) |
| 6:34 | Create | Villager (Male) |
| 6:34 | Create | Villager (Male) |
| 6:34 | Create | Villager (Male) |
| 7:07 | Create | Fishing Ship |
| 7:29 | Create | Villager (Male) |
| 7:29 | Create | Villager (Male) |
| 7:53 | Create | Fishing Ship |
| 7:59 | Create | Villager (Male) |
| 7:59 | Create | Villager (Male) |
| 7:59 | Create | Villager (Male) |
| 8:07 | Build | House |
| 8:41 | Create | Villager (Male) |
| 8:41 | Create | Villager (Male) |
| 8:57 | Create | Villager (Male) |
| 8:57 | Create | Villager (Male) |
| 9:15 | Create | Villager (Male) |
| 9:26 | Create | Fishing Ship |
| 9:29 | Create | Villager (Male) |
| 9:39 | Build | House |
| 10:28 | Create | Villager (Male) |
| 10:32 | Build | Mill |
| 11:06 | Create | Villager (Male) |
| 11:18 | Create | Villager (Male) |
| 11:40 | Research | Feudal Age |
| 12:01 | Research | Loom |
| 12:31 | Build | Mining Camp |
| 12:37 | Build | Mill |
| 13:58 | Age | Feudal Age |
| 14:14 | Build | Palisade Wall |
| 14:15 | Build | Palisade Wall |
| 14:21 | Create | Villager (Male) |
| 14:23 | Create | Villager (Male) |
| 14:24 | Create | Villager (Male) |
| 15:12 | Build | Market |
| 15:16 | Build | Blacksmith |
| 16:06 | Build | Lumber Camp |
| 16:09 | Research | Castle Age |
| 16:21 | Build | House |
| 16:26 | Build | Palisade Wall |
| 17:01 | Build | Stone Wall |
| 17:21 | Build | Farm |
| 17:22 | Build | Farm |
| 17:24 | Build | Farm |
| 17:25 | Build | Farm |
| 17:54 | Build | House |
| 18:00 | Build | Farm |
| 18:02 | Build | Farm |
| 18:06 | Build | Barracks |
| 18:14 | Create | Villager (Male) |
| 18:14 | Create | Villager (Male) |
| 18:34 | Build | House |
| 18:34 | Age | Castle Age |
| 18:45 | Research | Double-Bit Axe |
| 18:57 | Build | Stable |
| 19:26 | Create | Villager (Male) |
| 19:28 | Create | Villager (Male) |
| 19:37 | Build | Dock |
| 19:48 | Create | Knight |
| 19:48 | Create | Knight |
| 20:01 | Build | Farm |
| 20:06 | Create | Villager (Male) |
| 20:06 | Create | Villager (Male) |
| 20:28 | Research | Scale Barding Armor |
| 20:35 | Research | Bloodlines |
| 20:40 | Create | Villager (Male) |
| 20:40 | Create | Villager (Male) |
| 20:46 | Build | Farm |
| 21:01 | Create | Villager (Male) |
| 21:01 | Create | Villager (Male) |
| 21:09 | Create | Fishing Ship |
| 21:09 | Create | Fishing Ship |
| 21:14 | Build | House |
| 21:17 | Create | Villager (Male) |
| 21:33 | Create | Knight |
| 21:33 | Create | Knight |
| 21:36 | Create | Villager (Male) |
| 21:42 | Build | Farm |
| 21:46 | Build | Farm |
| 21:54 | Research | Tech 906 |
| 22:01 | Create | Villager (Male) |
| 22:23 | Research | Forging |
| 22:28 | Create | Knight |
| 22:30 | Create | Villager (Male) |
| 22:30 | Create | Villager (Male) |
| 22:40 | Build | Town Center |
| 22:44 | Create | Villager (Male) |
| 23:00 | Build | House |
| 23:05 | Create | Villager (Male) |
| 23:05 | Create | Villager (Male) |
| 23:18 | Create | Villager (Male) |
| 23:23 | Research | Bow Saw |
| 23:24 | Research | Bow Saw |
| 23:34 | Create | Knight |
| 23:48 | Build | Farm |
| 23:52 | Create | Villager (Male) |
| 24:01 | Research | Gillnets |
| 24:07 | Build | Farm |
| 24:22 | Build | House |
| 24:23 | Build | House |
| 24:27 | Create | Villager (Male) |
| 24:27 | Create | Villager (Male) |
| 24:27 | Create | Villager (Male) |
| 24:34 | Create | Villager (Male) |
| 24:34 | Create | Villager (Male) |
| 24:38 | Build | Farm |
| 24:40 | Build | Farm |
| 25:13 | Create | Knight |
| 25:13 | Create | Knight |
| 25:14 | Create | Knight |
| 25:35 | Create | Villager (Male) |
| 25:35 | Create | Villager (Male) |
| 25:39 | Research | Chain Barding Armor |
| 25:49 | Research | Gold Mining |
| 25:53 | Build | Farm |
| 25:55 | Create | Villager (Male) |
| 25:55 | Create | Villager (Male) |
| 25:55 | Create | Villager (Male) |
Build order — DSLG | Matthii™
First 150 of 223 actions detected
| 0:25 | Build | Town Center |
| 1:56 | Build | Dock |
| 2:37 | Build | House |
| 2:49 | Create | Villager (Male) |
| 2:50 | Create | Villager (Male) |
| 2:50 | Create | Villager (Male) |
| 2:50 | Create | Villager (Male) |
| 3:50 | Build | House |
| 5:11 | Build | Palisade Wall |
| 5:44 | Create | Villager (Male) |
| 5:59 | Build | House |
| 6:15 | Create | Villager (Male) |
| 6:16 | Create | Villager (Male) |
| 7:10 | Create | Villager (Male) |
| 7:11 | Create | Villager (Male) |
| 7:14 | Create | Fishing Ship |
| 7:14 | Create | Fishing Ship |
| 7:19 | Build | House |
| 7:46 | Create | Villager (Male) |
| 8:03 | Create | Fishing Ship |
| 8:03 | Create | Fishing Ship |
| 8:09 | Build | House |
| 8:22 | Create | Villager (Male) |
| 8:54 | Create | Villager (Male) |
| 9:26 | Create | Villager (Male) |
| 9:27 | Create | Villager (Male) |
| 9:28 | Create | Villager (Male) |
| 9:48 | Create | Fishing Ship |
| 9:58 | Build | Mill |
| 10:02 | Create | Villager (Male) |
| 10:15 | Build | House |
| 10:18 | Create | Fishing Ship |
| 10:23 | Create | Villager (Male) |
| 10:23 | Create | Villager (Male) |
| 11:05 | Create | Villager (Male) |
| 11:10 | Create | Villager (Male) |
| 11:21 | Build | House |
| 11:53 | Build | Palisade Wall |
| 11:56 | Build | Palisade Wall |
| 12:05 | Create | Villager (Male) |
| 12:37 | Research | Loom |
| 13:13 | Create | Fishing Ship |
| 13:13 | Create | Fishing Ship |
| 13:18 | Research | Feudal Age |
| 14:32 | Build | Lumber Camp |
| 15:26 | Create | Villager (Male) |
| 15:26 | Create | Villager (Male) |
| 15:28 | Age | Feudal Age |
| 15:37 | Build | Market |
| 15:51 | Build | Blacksmith |
| 16:24 | Research | Town Watch |
| 16:39 | Research | Castle Age |
| 17:19 | Build | Mining Camp |
| 18:33 | Build | Mill |
| 18:47 | Research | Padded Archer Armor |
| 18:48 | Research | Fletching |
| 18:53 | Research | Double-Bit Axe |
| 19:29 | Age | Castle Age |
| 19:34 | Create | Villager (Male) |
| 19:34 | Create | Villager (Male) |
| 19:59 | Build | Castle |
| 20:10 | Create | Villager (Male) |
| 20:10 | Create | Villager (Male) |
| 20:41 | Research | Bodkin Arrow |
| 20:56 | Create | Villager (Male) |
| 20:56 | Create | Villager (Male) |
| 21:22 | Build | Town Center |
| 21:29 | Build | Lumber Camp |
| 21:31 | Create | Ratha (Ranged) |
| 21:31 | Create | Ratha (Ranged) |
| 21:31 | Create | Ratha (Ranged) |
| 21:37 | Build | House |
| 21:38 | Build | House |
| 21:39 | Build | House |
| 21:41 | Create | Villager (Male) |
| 22:00 | Build | University |
| 22:04 | Create | Villager (Male) |
| 22:21 | Create | Ratha (Ranged) |
| 22:53 | Create | Ratha (Ranged) |
| 22:53 | Create | Ratha (Ranged) |
| 22:54 | Create | Villager (Male) |
| 23:04 | Build | Farm |
| 23:05 | Build | Farm |
| 23:19 | Build | House |
| 24:05 | Research | Ballistics |
| 24:14 | Create | Villager (Male) |
| 24:15 | Create | Villager (Male) |
| 24:15 | Create | Villager (Male) |
| 24:23 | Build | Farm |
| 24:26 | Build | Farm |
| 24:27 | Build | Farm |
| 24:29 | Create | Villager (Male) |
| 24:29 | Create | Villager (Male) |
| 24:35 | Create | Ratha (Ranged) |
| 25:20 | Create | Ratha (Ranged) |
| 25:21 | Create | Ratha (Ranged) |
| 25:36 | Create | Villager (Male) |
| 25:37 | Create | Villager (Male) |
| 25:37 | Create | Villager (Male) |
| 25:46 | Build | Farm |
| 25:47 | Build | Farm |
| 25:49 | Build | Farm |
| 25:50 | Build | Farm |
| 25:51 | Create | Villager (Male) |
| 25:55 | Create | Ratha (Ranged) |
| 25:55 | Create | Ratha (Ranged) |
| 26:58 | Create | Ratha (Ranged) ×3 |
| 27:01 | Create | Villager (Male) |
| 27:01 | Create | Villager (Male) |
| 27:01 | Create | Villager (Male) |
| 27:01 | Create | Villager (Male) |
| 27:23 | Build | Farm |
| 27:24 | Build | Farm |
| 27:24 | Create | Villager (Male) |
| 27:24 | Create | Villager (Male) |
| 27:49 | Create | Villager (Male) |
| 27:49 | Create | Villager (Male) |
| 27:50 | Build | Farm |
| 27:51 | Create | Villager (Male) |
| 27:52 | Create | Villager (Male) |
| 27:52 | Create | Villager (Male) |
| 27:52 | Create | Villager (Male) |
| 27:55 | Build | Farm |
| 27:56 | Build | Farm |
| 28:00 | Build | Farm |
| 28:51 | Create | Ratha (Ranged) ×5 |
| 29:08 | Create | Villager (Male) |
| 29:09 | Create | Villager (Male) |
| 29:09 | Create | Villager (Male) |
| 29:09 | Create | Villager (Male) |
| 30:15 | Create | Villager (Male) |
| 30:15 | Create | Villager (Male) |
| 30:15 | Create | Villager (Male) |
| 30:16 | Create | Villager (Male) |
| 30:22 | Create | Ratha (Ranged) |
| 30:22 | Create | Ratha (Ranged) |
| 30:22 | Create | Ratha (Ranged) |
| 31:52 | Build | Farm |
| 31:53 | Build | Farm |
| 32:03 | Build | Castle |
| 32:28 | Research | Imperial Age |
| 32:51 | Research | Wheelbarrow |
| 33:02 | Research | Paiks |
| 33:02 | Create | Ratha (Ranged) |
| 33:02 | Create | Ratha (Ranged) |
| 33:03 | Create | Ratha (Ranged) |
| 33:48 | Build | Barracks |
| 33:51 | Create | Ratha (Ranged) |
| 33:51 | Create | Ratha (Ranged) |
| 34:10 | Build | Lumber Camp |
Match timeline
| 1:00 | [LPDA] Heraldo · first_building Dock |
| 1:05 | El Caminante · first_building Dock |
| 1:10 | [LPDA] ElTatita · first_building Dock |
| 1:14 | Rommel · first_building Dock |
| 1:56 | DSLG | Matthii™ · first_building Dock |
| 2:19 | [LPDA]ZEVET · first_building Dock |
| 2:32 | [LPDA]ZEVET · wall_segment Palisade Wall x1 |
| 2:34 | [LPDA]ZEVET · wall_segment Palisade Wall x1 |
| 2:35 | [LPDA]ZEVET · wall_segment Palisade Wall x1 |
| 3:12 | [LPDA]ZEVET · wall_segment Palisade Wall x1 |
| 3:14 | [LPDA]ZEVET · wall_segment Palisade Wall x1 |
| 3:16 | [LPDA]ZEVET · wall_segment Palisade Wall x1 |
| 3:19 | [LPDA]ZEVET · wall_segment Palisade Wall x1 |
| 3:23 | [LPDA]ZEVET · wall_segment Palisade Wall x1 |
| 3:24 | [LPDA]ZEVET · wall_segment Palisade Wall x1 |
| 5:11 | DSLG | Matthii™ · wall_segment Palisade Wall x1 |
| 11:53 | DSLG | Matthii™ · wall_segment Palisade Wall x1 |
| 11:56 | DSLG | Matthii™ · wall_segment Palisade Wall x1 |
| 12:28 | [LPDA] Heraldo · age_up feudal |
| 12:41 | [LPDA] ElTatita · age_up feudal |
| 13:27 | El Caminante · age_up feudal |
| 13:41 | Rommel · age_up feudal |
| 13:58 | [LPDA]ZEVET · age_up feudal |
| 14:14 | [LPDA]ZEVET · wall_segment Palisade Wall x1 |
| 14:15 | [LPDA]ZEVET · wall_segment Palisade Wall x1 |
| 15:28 | DSLG | Matthii™ · age_up feudal |
| 16:16 | Rommel · wall_segment Palisade Wall x4 |
| 16:16 | El Caminante · first_building Barracks |
| 16:26 | [LPDA]ZEVET · wall_segment Palisade Wall x1 |
| 17:01 | El Caminante · first_market_buy 100 food |
| 17:01 | [LPDA]ZEVET · wall_segment Stone Wall x1 |
| 17:03 | El Caminante · first_market_sell 100 wood |
| 18:06 | [LPDA]ZEVET · first_building Barracks |
| 18:34 | [LPDA]ZEVET · age_up castle |
| 18:57 | [LPDA]ZEVET · first_building Stable |
| 19:29 | DSLG | Matthii™ · age_up castle |
| 19:42 | DSLG | Matthii™ · first_market_buy 100 stone |
| 19:48 | Rommel · first_market_buy 100 food |
| 19:59 | DSLG | Matthii™ · first_building Castle |
| 20:02 | [LPDA] Heraldo · first_market_buy 100 food |
| 20:13 | El Caminante · age_up castle |
| 20:26 | [LPDA]ZEVET · first_market_buy 100 food |
| 21:20 | Rommel · first_building Barracks |
| 22:01 | [LPDA] ElTatita · age_up castle |
| 22:37 | [LPDA] ElTatita · first_building Barracks |
| 22:54 | [LPDA] Heraldo · age_up castle |
| 23:16 | [LPDA] Heraldo · first_building Monastery |
| 23:17 | [LPDA] ElTatita · first_market_buy 100 stone |
| 23:40 | Rommel · age_up castle |
| 24:12 | DSLG | Matthii™ · first_market_sell 100 wood |
| 24:40 | El Caminante · first_building Castle |
| 25:01 | Rommel · first_market_sell 100 food |
| 25:26 | [LPDA] ElTatita · first_building Siege Workshop |
| 26:09 | [LPDA] ElTatita · first_building Castle |
| 27:33 | Rommel · first_building Archery Range |
| 28:10 | [LPDA] Heraldo · tribute_sent a jugador 1 |
| 28:10 | [LPDA] Heraldo · tribute_sent a jugador 3 |
| 28:10 | [LPDA] Heraldo · tribute_sent a jugador 4 |
| 28:10 | [LPDA] Heraldo · tribute_sent a jugador 5 |
| 28:10 | [LPDA] Heraldo · tribute_sent a jugador 6 |
| 29:38 | [LPDA] Heraldo · first_building Barracks |
| 30:19 | [LPDA] Heraldo · first_building Stable |
| 31:12 | [LPDA] Heraldo · age_up imperial |
| 33:48 | DSLG | Matthii™ · first_building Barracks |
| 33:50 | [LPDA] Heraldo · first_building Castle |
| 35:00 | [LPDA] ElTatita · age_up imperial |
| 35:37 | DSLG | Matthii™ · age_up imperial |
| 35:39 | DSLG | Matthii™ · first_building Stable |
| 36:11 | El Caminante · age_up imperial |
| 37:59 | [LPDA]ZEVET · first_building Monastery |
| 38:45 | [LPDA]ZEVET · first_building Castle |
| 40:01 | [LPDA] Heraldo · first_building Archery Range |
| 40:46 | [LPDA]ZEVET · first_market_sell 100 food |
| 41:56 | [LPDA]ZEVET · age_up imperial |
| 42:29 | Rommel · first_building Castle |
| 44:29 | Rommel · first_building Monastery |
| 48:25 | Rommel · age_up imperial |
| 49:17 | El Caminante · resign |
[ AI ANALYSIS · 1 CREDIT ]
What really happened in this match?
Wolo.gg analyzes every decision: build order, eco, micro, common mistakes by bracket. Personalized analysis on WhatsApp or Discord in 30 seconds.
Civ guide
Vietnamese
Perfil
[LPDA] ElTatita